Cogmind - Beta 16 @@@ ROGUE MODE // 2025.11.01 @ 20:55:39 Player: CheifClapdad Result: Self-destructed Performance ------------- Evolutions (2) 1000 Regions Visited (6) 1200 Robots Destroyed (40) 200 Value Destroyed (1123) 1123 Prototype IDs (24) 480 Alien Tech Used (0) 0 Bonus (584) 584 TOTAL SCORE: 4587 Bonus ------- Follower Combat Kills 84 Entered Garrisons 200 Aligned with FarCom 300 Cogmind --------- Core Integrity 202/550 Matter 300/300 Energy 75/100 System Corruption 3% Temperature Cool (0) Movement Core (400) Ox7 Location -8/Garrison Parts ------- > --- POWER (1) -------- (None) > --- PROPULSION (4) --- (None) > --- UTILITY (4) ------ Improved Heat Sink Large Storage Unit Improved Targeting Computer > --- WEAPON (2) ------- Advanced Beam Rifle > --- INVENTORY (15) --- Aluminum Leg Aluminum Leg Improved Aluminum Leg Improved Heat Sink Medium Matter Pod (100) Compact Matter Pod (150) Improved Targeting Computer Heavy Armor Plating Field Laser AWS/Thermal Beam Cannon Beam Cannon Peak State ------------ > --- POWER ------------ Ion Engine > --- PROPULSION ------- Light Treads Light Treads Wheel > --- UTILITY ---------- Heat Sink Large Storage Unit Improved Targeting Computer Hardened Light Armor Plating > --- WEAPON ----------- Field Laser Field Laser > --- INVENTORY -------- Aluminum Leg Aluminum Leg Medium Matter Pod Compact Matter Pod Improved Targeting Computer Improved Targeting Computer Heavy Armor Plating EM Pulse Gun AWS/Thermal Beam Cannon Beam Cannon Autogun [Rating: 19] Favorites ----------- Power Ion Engine Engine Ion Engine Propulsion Light Treads Treads Light Treads Leg Aluminum Leg Wheel Wheel Utility Improved Targeting Computer Device Heat Sink Storage Large Storage Unit Processor Improved Targeting Computer Protection Hardened Light Armor Plating Weapon Beam Cannon Energy Gun Field Laser Energy Cannon Beam Cannon Ballistic Gun Autogun Build | -11 -10 -10 -10 -9 -8 -8 ------- Run | Yrd Mat Min Exi Min Mat Gar Slots Evolved 4 | . . . . . 4 . Power . | . . . . . . . Propulsion 2 | . . . . . 2 . Utility 2 | . . . . . 2 . Weapon . | . . . . . . . Parts Attached 28 | 5 6 4 . . 5 8 Power 3 | 1 1 1 . . . . Engine 3 | 1 1 1 . . . . Core . | . . . . . . . Reactor . | . . . . . . . Propulsion 8 | 2 1 1 . . 1 3 Treads 2 | 1 . . . . 1 . Leg 3 | . . . . . . 3 Wheel 3 | 1 1 1 . . . . Hover . | . . . . . . . Flight . | . . . . . . . Utility 8 | 1 3 . . . 2 2 Device 2 | . . . . . 1 1 Storage 2 | 1 1 . . . . . Processor 3 | . 2 . . . . 1 Hackware . | . . . . . . . Protection 1 | . . . . . 1 . Artifact . | . . . . . . . Weapon 9 | 1 1 2 . . 2 3 Energy Gun 6 | 1 1 . . . 2 2 Energy Cannon 2 | . . 2 . . . . Ballistic Gun 1 | . . . . . . 1 Ballistic Cannon . | . . . . . . . Launcher . | . . . . . . . Special Weapon . | . . . . . . . Impact Weapon . | . . . . . . . Slashing Weapon . | . . . . . . . Piercing Weapon . | . . . . . . . Special Melee Weapon . | . . . . . . . Unidentified Prototypes 1 | . . . . . . 1 Parts Lost 19 | . 2 4 . . 2 11 Power 3 | . 1 1 . . . 1 Propulsion 8 | . 1 1 . . 2 4 Utility 3 | . . . . . . 3 Weapon 5 | . . 2 . . . 3 Highest Loss Streak 7 | . 2 2 . . 2 7 To Critical Strikes . | . . . . . . . Average Backups 10 | 3 9 13 13 13 11 10 Power . | . 1 . . . . . Propulsion 2 | 1 3 5 4 3 2 . Utility 3 | . 1 5 6 6 5 4 Weapon 3 | 1 2 3 3 3 3 5 Tool/Special . | . . . . . . . Unused Backups 13 | . 4 . 2 1 . 6 Power 2 | . 2 . . . . . Propulsion 4 | . . . 1 1 . 2 Utility 3 | . . . . . . 3 Weapon 4 | . 2 . 1 . . 1 Tool/Special . | . . . . . . . Average Slot Usage (%) 91 | . 94 97 100 100 81 74 Engine 11 | . 13 12 14 14 9 7 Treads 12 | . 14 14 14 14 13 6 Leg 2 | . . . . . . 9 Wheel 9 | . 10 13 14 14 5 . Device 2 | . . . . . 8 8 Storage 12 | . 14 14 14 14 9 9 Processor 12 | . 12 14 14 14 9 8 Protection 2 | . . . . . 9 6 Energy Gun 13 | . 28 1 . . 8 15 Energy Cannon 11 | . . 26 28 28 9 . Peak Build Rating 19 | 5 10 10 11 11 19 19 Average Rating 11 | 4 8 9 10 11 16 17 On Entrance 9 | . 5 9 10 11 11 18 Avg Prop Armor Cover (%) 12 | 17 13 12 12 12 15 8 Naked Turns . | . . . . . . . Heaviest Build 37 | 10 26 31 31 31 37 37 Greatest Support 20 | 3 20 20 10 10 20 20 Greatest Overweight (x) 8 | 3 2 3 3 3 3 8 Average Overweight (x) 1 | 2 . 2 3 3 2 1 Largest Inventory Capacity 15 | 8 15 15 15 15 15 15 Average Capacity 13 | 7 11 15 15 15 15 15 Most Carried 15 | 5 15 15 15 15 15 15 Average Carried 11 | 3 9 14 14 14 13 12 Final Capacity 15 | 8 15 15 15 15 15 15 Final Carried 15 | 5 15 15 15 15 15 14 Class Distribution -------------------- 100% | Mutant Dominant Class ---------------- Mutant | -10/Materials Mutant | -10/Mines Mutant | -10/Exiles Mutant | -9/Mines Mutant | -8/Materials Mutant | -8/Garrison Resources | -11 -10 -10 -10 -9 -8 -8 ----------- Run | Yrd Mat Min Exi Min Mat Gar Matter Collected 757 | 250 60 192 . 88 40 127 Remotely . | . . . . . . . Salvage Created 1252 | . 440 192 . 51 102 467 Parts 79 | . 33 17 . 2 10 17 Haulers Intercepted 1 | . 1 . . . . . Recyclers Shooed . | . . . . . . . Parts Field Recycled . | . . . . . . . Retrieved Matter . | . . . . . . . Parts Self-Destructed . | . . . . . . . Prevented . | . . . . . . . Parts Restored . | . . . . . . . Kills | -11 -10 -10 -10 -9 -8 -8 ------- Run | Yrd Mat Min Exi Min Mat Gar Combat Hostiles Destroyed 35 | . 11 8 . 1 4 11 Guns 25 | . 11 1 . . 2 11 Cannons 10 | . . 7 . 1 2 . Classes Destroyed 8 | . 5 . . 1 1 1 Worker 3 | . 3 . . . . . Hauler 1 | . 1 . . . . . Watcher 1 | . 1 . . . . . Swarmer 18 | . 6 6 . . 2 4 Grunt 11 | . 5 2 . . . 4 Brawler 1 | . . . . . . 1 Duelist 3 | . . . . 1 . 2 Demolisher 2 | . . . . . 2 . Best Kill Streak 7 | . 7 5 . 1 2 4 Combat Bots Only 6 | . 6 5 . 1 2 4 Max Kills in Single Turn 2 | . 1 1 . 1 1 2 Gunslinging 1 | . . . . . . 1 Exploded . | . . . . . . . Melee . | . . . . . . . Uniques/NPCs Destroyed . | . . . . . . . Combat | -11 -10 -10 -10 -9 -8 -8 -------- Run | Yrd Mat Min Exi Min Mat Gar Hostile Shots Fired 227 | . 52 40 . . 23 112 Missed 57 | . 14 12 . . 5 26 Hits 170 | . 38 28 . . 18 86 Melee 4 | . . . . . . 4 Projectile 166 | . 38 28 . . 18 82 AOE 4 | . . . . . 4 . Critical Strikes 3 | . . 1 . . . 2 Damage Taken 2158 | . 375 230 . . 380 1173 Core 501 | . 109 44 . . 77 271 Absorbed by Shields . | . . . . . . . Core Remaining (%) 69 | 100 . . . 38 . . Volleys Fired 124 | . 42 23 . 1 14 44 Largest 2 | . 2 2 . 2 2 2 Hottest 126 | . 90 120 . 120 126 126 Shots Fired 224 | . 80 32 . 2 28 82 Gun 176 | . 80 6 . . 8 82 Cannon 48 | . . 26 . 2 20 . Launcher . | . . . . . . . Special . | . . . . . . . Kinetic 18 | . . . . . . 18 Thermal 205 | . 80 32 . 2 28 63 Explosive . | . . . . . . . Electromagnetic 1 | . . . . . . 1 Robot Hit Streak 10 | . 10 4 . 3 6 8 Robot Miss Streak 4 | . 3 3 . . 4 4 Penetration Max . | . . . . . . . Secondary Targets 7 | . 3 . . . . 4 Max Gunslinging Chain 1 | . 1 . . . . 1 Shots Hit Robots 125 | . 48 15 . 2 16 44 Core Hits 57 | . 22 9 . 1 7 18 Critical Kills . | . . . . . . . Critical Parts Destroyed . | . . . . . . . Critical Strikes 4 | . 1 . . . . 3 Burn 4 | . 1 . . . . 3 Melee Attacks . | . . . . . . . Impact . | . . . . . . . Slashing . | . . . . . . . Piercing . | . . . . . . . Sneak Attacks . | . . . . . . . Combat Hostiles . | . . . . . . . Follow-up Attacks . | . . . . . . . Damage Inflicted 1964 | . 563 250 . 35 314 802 Guns 1471 | . 563 21 . . 85 802 Cannons 493 | . . 229 . 35 229 . Explosions . | . . . . . . . Melee . | . . . . . . . Ramming . | . . . . . . . Kinetic 170 | . . . . . . 170 Thermal 1779 | . 563 250 . 35 314 617 Explosive . | . . . . . . . Electromagnetic 15 | . . . . . . 15 Impact . | . . . . . . . Slashing . | . . . . . . . Piercing . | . . . . . . . Highest Corruption 3 | . . . . . . 3 Average Corruption 3 | . . . . . . 3 Corruption Purged . | . . . . . . . Corruption Blocked . | . . . . . . . Effects 5 | . . . . . . 5 Message Errors 1 | . . . . . . 1 Heat Flow Errors 1 | . . . . . . 1 Energy Discharges 1 | . . . . . . 1 Data Loss (minor) 1 | . . . . . . 1 Misfires 1 | . . . . . . 1 Overload Shots . | . . . . . . . Overflow Damage 6 | . . 6 . . . . Projectiles 6 | . . 6 . . . . Explosions . | . . . . . . . Melee . | . . . . . . . Knockbacks . | . . . . . . . Impact . | . . . . . . . Kinetic . | . . . . . . . Secondary . | . . . . . . . Self-Inflicted Damage . | . . . . . . . Shots . | . . . . . . . Rammed . | . . . . . . . Targets Rammed . | . . . . . . . Kicked . | . . . . . . . Crushed . | . . . . . . . Highest Temperature 508 | . 438 300 . 60 431 508 Average Temperature 168 | . 160 114 . 36 166 220 Received Heat Transfer 687 | . 156 . . . 36 495 Effects 20 | . 5 4 . . 3 8 Shutdowns 4 | . 2 . . . 1 1 Energy Bleed 3 | . 1 1 . . . 1 Interference 9 | . 1 3 . . 2 3 Short Circuit 1 | . . . . . . 1 Damage (minor) 1 | . 1 . . . . . Damage (major) 2 | . . . . . . 2 Siege Activations . | . . . . . . . Martial Activations . | . . . . . . . Shielding Activations . | . . . . . . . Robots Disrupted . | . . . . . . . Combat Hostiles . | . . . . . . . Robots Corrupted . | . . . . . . . Combat Hostiles . | . . . . . . . Parts Fried . | . . . . . . . Impact Corruptions . | . . . . . . . Robots Melted . | . . . . . . . Combat Hostiles . | . . . . . . . Parts Melted 9 | . 4 . . 1 1 3 Heat Transferred 4385 | . 1597 531 . 74 666 1517 Parts Sabotaged . | . . . . . . . Parts Stolen . | . . . . . . . Parts Stripped . | . . . . . . . Power Chain Reactions . | . . . . . . . Alert | -11 -10 -10 -10 -9 -8 -8 ------- Run | Yrd Mat Min Exi Min Mat Gar Maximum Alert Level 1 | . . . . . . 1 Low Security (%) 97 | 100 100 100 . 100 100 87 Level 1 2 | . . . . . . 12 Level 2 . | . . . . . . . Level 3 . | . . . . . . . Level 4 . | . . . . . . . Level 5 . | . . . . . . . High Security . | . . . . . . . Max Security . | . . . . . . . Peak Influence 253 | . 175 116 . 35 130 253 Initial 57 | . . 16 . . . 57 Average 70 | . 80 72 . 6 54 113 Influence Increases 1121 | . 371 190 . 35 219 306 Destroy 0b10 Robot/C 780 | . 220 160 . 20 160 220 Destroy 0b10 Robot/NC 25 | . 25 . . . . . Destroy Leader 134 | . 44 30 . 10 30 20 Allied During Kill 30 | . . . . 5 24 1 Successful Hack 11 | . 7 . . . 4 . Select Force Hacks 30 | . 30 . . . . . Anti-Garrison Action 50 | . . . . . . 50 Destroy Structure 1 | . . . . . 1 . Partial Spotted 15 | . 15 . . . . . Lose Combat Pursuer 45 | . 30 . . . . 15 Influence Decreases 888 | . 327 208 26 35 131 161 Entered New Map 85 | . . 28 26 . . 31 Time Decay 553 | . 307 140 . 35 71 . Lost Part 190 | . 20 40 . . 20 110 Lost Ally 60 | . . . . . 40 20 Squads Dispatched 5 | . 2 1 . . 2 . Investigation 3 | . 2 1 . . . . Extermination . | . . . . . . . Reinforcement . | . . . . . . . Assault . | . . . . . . . Garrison 2 | . . . . . 2 . Intercept . | . . . . . . . Searches Triggered . | . . . . . . . Construction Impeded . | . . . . . . . Haulers Reinforced . | . . . . . . . Active Scanning Responses . | . . . . . . . Cargo Convoy Interrupts . | . . . . . . . Stealth | -11 -10 -10 -10 -9 -8 -8 --------- Run | Yrd Mat Min Exi Min Mat Gar Distress Signals 1 | . 1 . . . . . Communications Jammed . | . . . . . . . Distress Signals . | . . . . . . . Times Spotted 55 | . 18 6 . 2 11 18 Peak Tracking Total 8 | . 4 3 . 2 5 8 Tactical Retreats 3 | . 2 . . . . 1 Traps | -11 -10 -10 -10 -9 -8 -8 ------- Run | Yrd Mat Min Exi Min Mat Gar Traps Triggered 3 | . . . . . . 3 Indirectly . | . . . . . . . Trap Hack Attempts . | . . . . . . . Triggered . | . . . . . . . Disarmed . | . . . . . . . Reprogrammed . | . . . . . . . Reused . | . . . . . . . Traps Extracted . | . . . . . . . Installed . | . . . . . . . Triggered . | . . . . . . . Machines | -11 -10 -10 -10 -9 -8 -8 ---------- Run | Yrd Mat Min Exi Min Mat Gar Machines Disabled 1 | . . . . . . 1 Max in Single Turn 1 | . . . . . . 1 Garrison Relay 1 | . . . . . . 1 Machines Repaired . | . . . . . . . Machines Dismantled . | . . . . . . . Machines Sabotaged . | . . . . . . . Overloaded Fab Kills . | . . . . . . . Hacking | -11 -10 -10 -10 -9 -8 -8 --------- Run | Yrd Mat Min Exi Min Mat Gar Machines Accessed 8 | . 4 1 1 . 1 1 Terminals 4 | . 3 . . . . 1 Fabricators . | . . . . . . . Repair Stations . | . . . . . . . Recycling Units 1 | . 1 . . . . . Scanalyzers . | . . . . . . . Garrison Access 1 | . . . . . 1 . Total Hacks 18 | . 12 1 1 . 3 1 Successful 8 | . 5 1 1 . 1 . Failed 10 | . 7 . . . 2 1 Catastrophic 2 | . 1 . . . . 1 Database Lockouts . | . . . . . . . Manual 15 | . 13 . 1 . . 1 Terminals 12 | . 11 . . . . 1 Fabricators . | . . . . . . . Repair Stations . | . . . . . . . Recycling Units 1 | . 1 . . . . . Scanalyzers . | . . . . . . . Garrison Access 3 | . . . . . 3 . Terminal Hacks 3 | . 1 1 1 . . . Open Door 1 | . . 1 . . . . Branch Access Points 1 | . 1 . . . . . Proto ID Catalog 1 | . . . 1 . . . Fabricator Hacks . | . . . . . . . Repair Station Hacks . | . . . . . . . Recycling Unit Hacks . | . . . . . . . Scanalyzer . | . . . . . . . Garrison Access Hacks 1 | . . . . . 1 . Unlock Access 1 | . . . . . 1 . Unauthorized Hacks 4 | . 4 . . . . . Terminals 3 | . 3 . . . . . Botnet 3 | . 3 . . . . . Fabricators . | . . . . . . . Repair Stations . | . . . . . . . Recycling Units 1 | . 1 . . . . . Tunnel 1 | . 1 . . . . . Scanalyzers . | . . . . . . . Garrison Access . | . . . . . . . Data Cores Recovered . | . . . . . . . Used . | . . . . . . . Hacking Detections 3 | . 2 . . . . 1 Full Trace Events 1 | . 1 . . . . . Feedback Events . | . . . . . . . Feedback Blocked . | . . . . . . . Robot Schematics Acquired . | . . . . . . . Robots Built . | . . . . . . . Authchips . | . . . . . . . Time . | . . . . . . . Total Robot Build Rating . | . . . . . . . Part Schematics Acquired . | . . . . . . . Parts Built . | . . . . . . . Authchips . | . . . . . . . Time . | . . . . . . . Total Part Build Rating . | . . . . . . . Part Studies Acquired . | . . . . . . . Parts Repaired . | . . . . . . . Time . | . . . . . . . Parts Recycled . | . . . . . . . Recycled Matter . | . . . . . . . Retrieved Matter . | . . . . . . . Retrieved Components . | . . . . . . . Parts Scanalyzed . | . . . . . . . Part Schematics Acquired . | . . . . . . . Parts Damaged . | . . . . . . . Bothacking | -11 -10 -10 -10 -9 -8 -8 ------------ Run | Yrd Mat Min Exi Min Mat Gar Used RIF Installer . | . . . . . . . Robots Hacked . | . . . . . . . Non-combat . | . . . . . . . Combat . | . . . . . . . Robot Hacks Applied . | . . . . . . . Relay Couplers Released 4 | . . . . . . 4 Machine Destruction 4 | . . . . . . 4 Fabnet Peak Effective % . | . . . . . . . Robots Rewired . | . . . . . . . Allies Hacked . | . . . . . . . Hacks Repelled . | . . . . . . . Allies | -11 -10 -10 -10 -9 -8 -8 -------- Run | Yrd Mat Min Exi Min Mat Gar Total Allies 3 | . . . . 3 . . Largest Group 3 | . . . . 3 3 1 Highest-Rated Group 40 | . . . . 40 40 15 Highest-Rated Ally 16 | . . . . 16 16 15 Total Orders . | . . . . . . . Ally Attacks 59 | . . . . 13 44 2 Total Damage 398 | . . . . 55 328 15 Kills 4 | . . . . . 4 . Allies Corrupted . | . . . . . . . Allies Melted . | . . . . . . . Intel | -11 -10 -10 -10 -9 -8 -8 ------- Run | Yrd Mat Min Exi Min Mat Gar Active Infowar (turns) 258 | . 258 . . . . . Optics 258 | . 258 . . . . . Robot Analysis Total . | . . . . . . . Derelict Logs Recovered 1 | . . . . 1 . . Drone Launches . | . . . . . . . Drone Recoveries . | . . . . . . . Exploration | -11 -10 -10 -10 -9 -8 -8 ------------- Run | Yrd Mat Min Exi Min Mat Gar Turns Passed 2592 | 152 796 295 371 255 214 509 Spaces Moved 1607 | 85 565 192 296 201 99 169 Core 87 | 85 . . . . . 2 Treads 182 | . 83 1 . . 34 64 Legs 103 | . . . . . . 103 Wheels 1235 | . 482 191 296 201 65 . Hover . | . . . . . . . Flight . | . . . . . . . Fastest Speed 50 | 50 100 110 125 125 125 190 Average Speed 134 | 166 114 121 125 125 164 212 Slowest Speed 450 | 200 240 240 125 125 240 450 Overloaded Moves . | . . . . . . . Propulsion Burnouts . | . . . . . . . Robots Hopped . | . . . . . . . Potential Cave-ins . | . . . . . . . Cave-ins Triggered . | . . . . . . . Exploration Rate (%) 30 | 5 47 17 63 55 12 16 Regions Visited 6 Branch Regions 3 Pre-discovered Areas 1 | . 1 . . . . . Known Exits Taken 2 | . 1 . . . 1 . Unknown Exits Taken 4 | 1 . 1 1 1 . . Scrap Searched 2 | . . . . 2 . . Spaces Dug . | . . . . . . . Terrain Destroyed . | . . . . . . . Melee . | . . . . . . . Projectile . | . . . . . . . AOE . | . . . . . . . Terrain Rammed . | . . . . . . . Walls Destroyed . | . . . . . . . Machines Disabled . | . . . . . . . Actions | -11 -10 -10 -10 -9 -8 -8 --------- Run | Yrd Mat Min Exi Min Mat Gar Total 1816 | 94 637 221 298 203 122 241 Wait 2 | . . . . . 2 . Move 1601 | 84 564 191 295 200 98 169 Hop . | . . . . . . . Pick Up 36 | 5 18 3 1 1 3 5 Fast Attach 8 | 5 2 . . . . 1 Attach 16 | . 3 4 . . 3 6 Detach . | . . . . . . . Swap 4 | . 1 . . . 2 1 Drop 10 | . 7 . 2 1 . . Fire 124 | . 42 23 . 1 14 44 Melee . | . . . . . . . Ram . | . . . . . . . Kick . | . . . . . . . Crush . | . . . . . . . Escape Stasis 15 | . . . . . . 15 Rewire . | . . . . . . . Trap . | . . . . . . . Miscellaneous . | . . . . . . . Route ------- -11/Scrapyard -10/Materials (discovered 2 exits: [*Mat] / *Min) -10/Mines -10/Exiles (discovered 2 exits: [*Min x2]) -9/Mines -8/Materials -8/Garrison History --------- Turn | Location | Event 2 | -11/Scrapyard | Met Revision 17 9 | -11/Scrapyard | Discovered new exit (range 16) 153 | -11/Scrapyard | Entered Materials 313 | -10/Materials | Build established: Mutant 522 | -10/Materials | Discovered new exit (range 16) 896 | -10/Materials | Identified exit to Mines 949 | -10/Materials | Entered Mines 967 | -10/Mines | Core integrity fell below 50% 1068 | -10/Mines | Met a Derelict shopkeep closing up shop 1223 | -10/Mines | Assembled infested the area 1237 | -10/Mines | Discovered new exit (range 5) 1244 | -10/Mines | Entered Exiles 1274 | -10/Exiles | Discovered new exit (range 15) 1297 | -10/Exiles | Met 8R-AWN 1319 | -10/Exiles | Met EX-HEX 1377 | -10/Exiles | Met EX-BIN 1404 | -10/Exiles | Aligned with FarCom system 1406 | -10/Exiles | Given EX-Vault access code 1446 | -10/Exiles | Opened EX-Vault 1461 | -10/Exiles | Found AWS/Thermal 1486 | -10/Exiles | Warned to stay clear of 0b10 Research branches 1530 | -10/Exiles | Met EX-DEC 1591 | -10/Exiles | Discovered new exit (range 14) 1615 | -10/Exiles | Left Exiles lab with AWS/Thermal 1615 | -10/Exiles | Entered Mines 1617 | -9/Mines | Met a Derelict bent on vengeance 1619 | -9/Mines | Assisted by bots powering up and referring to "LRC-V3" 1627 | -9/Mines | Learned Materials terminal intel 1866 | -9/Mines | Discovered new exit (range 3) 1870 | -9/Mines | Entered Materials 1870 | -8/Materials | Accompanied by 3 allies 1870 | -8/Materials | Evolved 4 slots: Propulsion x2, Utility x2 1871 | -8/Materials | Loaded intel: 12 terminal locations 1968 | -8/Materials | Garrison activated, responded to threat 2082 | -8/Materials | Identified exit to Garrison 2084 | -8/Materials | Entered Garrison 2084 | -8/Garrison | Accompanied by 1 ally 2238 | -8/Garrison | Triggered checkpoint 2292 | -8/Garrison | Garrison Relay disabled 2494 | -8/Garrison | Core integrity fell below 50% 2523 | -8/Garrison | Lost 7 parts (1p3n1u2w) 2593 | -8/Garrison | Self-destructed Last Messages --------------- 02538_ Acquired 15 matter. 02542_ Acquired Aluminum Leg. 02543_ Acquired 18 matter. 02551_ Acquired Aluminum Leg. 02556_ Acquired Imp. Heat Sink. 02562_ Acquired 10 matter. 02565_ ALERT: Dispatching investigation squad to Materials. 02574_ C-45 Heavy ARC bursts open, deploying its payload. 02574_ S-10 Pest unfolds itself. 02578_ S-10 Pest destroyed. 02578_ Switching to secondary target: S-10 Pest. 02581_ S-10 Pest destroyed. 02586_ Acquired 16 matter. 02589_ Acquired 4 matter. 02589_ Autogun destroyed. 02589_ Imp. Aluminum Leg destroyed. 02591_ Destroyed Flight Unit. 02592_ Penetrated by Slug. Map ----- +----------------------------------------------------+ | ?????????????????????????????????????????????????? | | ?????????????????????????????????????????????????? | | ??????????????????????????#####??????????????????? | | ??????????????????????????# #??????????????????? | | ???????????????????######## #############??????? | | ???????????????????# % %% "#??????? | | ???????????????????##!!!######+#### ###"T"#??????? | | ???????????????????#""!""#????????# #?#####??????? | | ???????????????????#######????????# #???#####????? | | ??????????????????????????????????# #???# #????? | | ????????????????????????????????### ##### #????? | | ????????????????????????????????# #????? | | ????????????????????????????????# #????? | | ????????????????????????????????# ##########????? | | ????????????????????????????????# #?????????????? | | ????????????????????????????????# #?????????????? | | ????????????????????????????????# #?????????????? | | ????????????????????????????????# #?????????????? | | ????????????????????????????????# #?????????????? | | ????????????????????????????????# #?????????????? | | ???????????????###??????????????# #?????????????? | | ???????????????#C ?????????????# #?????????????? | | ??????????## ## %######??????# #?????????????? | | ??????????# =%= [=######## #?????????????? | | ?????????h %s [%[% %/ % #?????????????? | | ????????? h [ !*=@=[ % #?????????????? | | ??????????# ## ## =g###########?????????????? | | ???????????????# ???# *=#???????????????????????? | | ?????????s?????????? ???????????????????????? | | ?????????s???????? ???????????????????????? | | ?????????s?????? ??????????????????????? | | ?????????s???? ??????????????????????? | | ???????????? ## ## ###?????????????????????? | | ??????????? ???# ?# #???????????????????????? | | ?????????????? ?? #???????????????????????? | | ????????????? ?? ????????????????????????? | | ????????????? ?? ????????????????????????? | | ????????????? ##"???## ????????????????????????? | | ?????????????????????# ????????????????????????? | | ?????????????????????# ????????????????????????? | | ?????????????????????# ????????????????????????? | | ?????????????????????? ????????????????????????? | | ?????????????????????????????????????????????????? | | ?????????????????????????????????????????????????? | | ?????????????????????????????????????????????????? | | ?????????????????????????????????????????????????? | | ?????????????????????????????????????????????????? | | ?????????????????????????????????????????????????? | | ?????????????????????????????????????????????????? | | ?????????????????????????????????????????????????? | +----------------------------------------------------+ Best States ------------- Heat Dissipation 45 Energy Generation 10 Energy Capacity 250 Matter Stores 300 Matter Capacity 300 Sight Range 18 Terrain Scan Density 10 Armor Coverage 150 Evasion (%) 50 Targeting Accuracy 6 Recoil Reduction 2 Item Schematics ----------------- None Robot Schematics ------------------ None Fabricated ------------ Nothing Repaired ---------- Nothing Studied --------- None Alien Tech Used ----------------- None Achievements -------------- You Again Challenges ------------ None Game ------ Seed NovaTargetSaw Manual? 0 Play Time 00:15:16 Cumulative 336.8 hours Start 2025.11.01 @ 20:00:31 End 2025.11.01 @ 20:55:39 Sessions 1 Manual Loads 0 Difficulty Rogue Special Mode None Game No. 295 Rogue 295 Adventurer 0 Explorer 0 Win Type - Total 2 Types 1/1/0/0/0/0/0/0/0/0 Lore% 80 Gallery% 80 Achievement% 52 Wizard Run 0 Options --------- Layout 1 ASCII 0 Keyboard 0 Movement Arrows Keybinds 0 Fullscreen 1 Font 24/Smallcaps Map View 50x35 Zoom Use 0% Tactical HUD 1 Map Filters NONE Filters NONE Steam X RUN: 8fe7468b-988d-4315-961a-99420fc825a8